 Dungeon Sprint DCSS version 0.14-a0-50-gc6ee670 (console) character file.

528 Dalvant the Arsonist (level 6, 33/34 HPs)
             Began as a Deep Elf Fire Elementalist on Sept 29, 2013.
             Quit the game in the Dungeon (Sprint I: "Red Sonja").
             The game lasted 00:01:41 (278 turns).

Dalvant the Arsonist (Deep Elf Fire Elementalist)    Turns: 278, Time: 00:01:41

HP  33/34        AC  4     Str  5      XL: 6   Next: 26%
MP   3/20        EV 14     Int 22      God:
Gold 196         SH  0     Dex 15      Spells:  3 memorised,  5 levels left

Res.Fire  : . . .   See Invis. : .   (no weapon)
Res.Cold  : + . .   Warding    : .   j - +2 robe {rC+}
Life Prot.: . . .   Conserve   : .   (no shield)
Res.Poison: .       Res.Corr.  : .   (no helmet)
Res.Elec. : .       Clarity    : .   (no cloak)
Sust.Abil.: . .     Spirit.Shd : .   (no gloves)
Res.Mut.  : .       Prev.Telep.: +   (no boots)
Res.Rott. : .       Flight     : .   k - amulet of inaccuracy {unknown}
Saprovore : . . .                    (no ring)
                                     (no ring)

@: slightly resistant to hostile enchantments, quite stealthy
A: no striking features
a: no special abilities


You were in the Dungeon.
You were not hungry.

You visited 1 branch You collected 176 gold pieces.

Inventory:

Armour
 a - a +0 elven robe
 j - a +2 robe of cold resistance (worn)
Magical devices
 h - a wand of confusion (13) {unknown}
Comestibles
 c - a bread ration
Scrolls
 i - a scroll of blinking
Jewellery
 k - an amulet of inaccuracy (around neck) {unknown}
Potions
 d - 2 potions of curing
 e - a potion of heal wounds
 f - a potion of speed
 g - 2 potions of magic
Books
 b - a book of Flames

   Spells                             Type                      Level
   *Flame Tongue                      Conjuration/Fire             1
   Throw Flame                        Conjuration/Fire             2
   Conjure Flame                      Conjuration/Fire             3
   Inner Flame                        Hexes/Fire                   3
   *Sticky Flame                      Conjuration/Fire             4
   *Fireball                          Conjuration/Fire             5


   Skills:
 * Level 3.3 Fighting
 - Level 4.6 Dodging
 + Level 5.6 Stealth
 + Level 5.2 Spellcasting
 * Level 5.0 Conjurations
 + Level 11.0 Fire Magic


You had 5 spell levels left.
You knew the following spells:

 Your Spells              Type           Power        Failure   Level  Hunger
a - Flame Tongue          Conj/Fire      #####        1%          1    None
c - Sticky Flame          Conj/Fire      #####...     4%          4    ####...
v - Fireball              Conj/Fire      #####.....   12%         5    #####..


Dungeon Overview and Level Annotations

Branches:
Dungeon (1/1)

Altars:
Elyvilon
Kikubaaqudgha
Makhleb
Okawaru
Xom
Yredelemnul
Zin
the Shining One

Shops:
D }


Message History

Your Spellcasting skill increases to level 5!
Your Conjurations skill gained 2 levels and is now at level 5!
Your Fire Magic skill gained 2 levels and is now at level 11!
You have reached level 6!
Your experience leads to an increase in your attributes!
Increase (S)trength, (I)ntelligence, or (D)exterity?
You feel clever.
There is an open door here.
There is a white marble altar of Elyvilon here.
There is an open door here.
Found a basalt altar of Yredelemnul.
There is a basalt altar of Yredelemnul here.
There is an entrance to Iptaus' Gadget Emporium here.
Drink which item? (? for menu, Esc to quit)
You feel refreshed.
It was a potion of restore abilities.
Drink which item? (? for menu, Esc to quit)
Okay, then.
Read which item? (? for menu, Esc to quit)
Okay, then.
Are you sure you want to abandon this character and quit the game? (Confirm with "yes".)

################ ##
#<<#..)..#.)'..#__#
#<.)..#..'..#..+^J+
#..#####'#####'#__#
#..####..# #.####
#..#_.#### ##.#
#..#.....##+#..+
#⌠⌠#_.@...'..._#
####.....##_.#'#
#_._._###+#.#
####### ###


There were no monsters in sight!

Vanquished Creatures
  An elephant slug (D)
  An ogre (D)
  Sigmund (D)
  A jelly (D)
  Ijyb (D)
5 creatures vanquished.

Notes
Turn   | Place    | Note
--------------------------------------------------------------
     0 | D        | Dalvant, the Deep Elf Fire Elementalist, began the quest for the Orb.
     0 | D        | Reached XP level 1. HP: 10/10 MP: 4/4
     1 | D        | Noticed Ijyb
     7 | D        | Killed Ijyb
     7 | D        | Reached skill level 5 in Fire Magic
     7 | D        | Reached XP level 2. HP: 15/15 MP: 0/7
    62 | D        | Noticed an ogre
    66 | D        | Killed an ogre
    66 | D        | Reached skill level 8 in Fire Magic
    66 | D        | Reached XP level 3. HP: 19/19 MP: 4/10
    66 | D        | Reached XP level 4. HP: 24/24 MP: 5/13
   132 | D        | Learned a level 4 spell: Sticky Flame
   144 | D        | Noticed Sigmund
   149 | D        | Killed Sigmund
   149 | D        | Reached skill level 1 in Fighting
   149 | D        | Reached skill level 5 in Stealth
   149 | D        | Reached skill level 9 in Fire Magic
   149 | D        | Reached XP level 5. HP: 28/28 MP: 7/16
   156 | D        | Learned a level 5 spell: Fireball
   212 | D        | Found a glowing golden altar of the Shining One.
   212 | D        | Found a shimmering altar of Xom.
   212 | D        | Noticed a giant amoeba
   219 | D        | Found an iron altar of Okawaru.
   219 | D        | Found a burning altar of Makhleb.
   221 | D        | Found a glowing golden altar of the Shining One.
   222 | D        | Noticed a jelly
   223 | D        | Found a white marble altar of Elyvilon.
   227 | D        | Killed a jelly
   242 | D        | Found a white marble altar of Elyvilon.
   242 | D        | Found a glowing silver altar of Zin.
   242 | D        | Found Iptaus' Gadget Emporium.
   242 | D        | Found an ancient bone altar of Kikubaaqudgha.
   242 | D        | Found an iron altar of Okawaru.
   242 | D        | Noticed an elephant slug
   261 | D        | Killed an elephant slug
   261 | D        | Reached skill level 5 in Spellcasting
   261 | D        | Reached skill level 5 in Conjurations
   261 | D        | Reached skill level 11 in Fire Magic
   261 | D        | Reached XP level 6. HP: 32/34 MP: 0/20
   271 | D        | Found a basalt altar of Yredelemnul.
   278 | D        | Quit the game

Action                   |  1- 3 |  4- 6 || total
-------------------------+-------+-------++-------
Melee: Unarmed           |     1 |       ||     1
 Cast: Flame Tongue      |     7 |    13 ||    20
       Sticky Flame      |       |     4 ||     4
  Use: Potion            |     1 |     1 ||     2
